 Dungeon Crawl Stone Soup version 0.20-a0-540-ge6d1839 (webtiles) character file.

140 Duffy the Chopper (level 5, 0/46 HPs)
             Began as a Naga Gladiator on Jan 29, 2017.
             Slain by Sigmund
             ... wielding a cursed -2 scythe
              (10 damage)
             ... on level 3 of the Dungeon.
             The game lasted 00:02:04 (2913 turns).

Duffy the Chopper (Naga Gladiator)                  Turns: 2913, Time: 00:02:05

Health: 0/46       AC:  6    Str: 17    XL:     5   Next: 22%
Magic:  5/5        EV:  5    Int:  8    God:
Gold:   214        SH:  0    Dex: 13    Spells: 4/4 levels left

rFire    . . .     SeeInvis +   g - +0 hand axe (elec)
rCold    . . .     Gourm    .   o - +0 chain mail
rNeg     . . .     Faith    .   (no shield)
rPois    +         Spirit   .   c - +0 helmet
rElec    .         Reflect  .   (no cloak)
rCorr    +         Harm     .   (no gloves)
MR       .....                  (no barding)
Stlth    ..........             (no amulet)
Regen    0.2/turn               (no ring)
                                s - ring of resist corrosion

@: very slow
A: see invisible, deformed body, poison resistance, slowness 2, slow metabolism
1, spit poison 1, AC +1
a: Spit Poison


You were on level 3 of the Dungeon.
You were hungry.

You visited 1 branch of the dungeon, and saw 3 of its levels.

You collected 214 gold pieces.

Inventory:

Hand Weapons
 a - a +0 war axe
 g - a +0 hand axe of electrocution (weapon)
 t - a +0 flail of crushing
Missiles
 d - 3 throwing nets (quivered)
Armour
 c - a +0 helmet (worn)
 o - a +0 chain mail (worn)
Jewellery
 s - a ring of resist corrosion (left hand)
Scrolls
 e - 4 scrolls of teleportation {unknown}
 i - a scroll of fear {unknown}
 k - a scroll of noise {unknown}
 p - a scroll of magic mapping {unknown}
 r - a scroll of identify {unknown}
Potions
 h - 2 potions of agility {unknown}
 j - 2 potions of curing
 l - a potion of brilliance {unknown}
 m - 2 potions of might {unknown}
 n - a potion of flight {unknown}
 q - 2 potions of ambrosia {unknown}
Comestibles
 f - 2 bread rations


   Skills:
 + Level 2.7 Fighting
 + Level 5.4 Axes
 - Level 1.7 Throwing
 - Level 2.4 Dodging


You had 4 spell levels left.
You didn't know any spells.

Dungeon Overview and Level Annotations

Branches:
Dungeon (3/15)

Altars:
Ashenzari
Gozag
Hepliaklqana
Okawaru
Qazlal
Xom
Yredelemnul
Zin

Annotations:
D:3 Ijyb, Sigmund


Innate Abilities, Weirdness & Mutations

You cannot wear boots.
Your serpentine skin is tough. (AC +1)
You have supernaturally acute eyesight. (SInv)
Armour fits poorly on your strangely shaped body.
Your system is resistant to poisons. (rPois)
You cover ground very slowly.
You have a slow metabolism.
You can spit poison.


Message History

The quokka bites you but does no damage.
Ijyb hits you but does no damage. Sigmund closely misses you.
Your chain mail prevents you from hitting Sigmund.
Sigmund is heavily wounded.
You barely miss Ijyb. You hit the quokka but do no damage.
The quokka bites you. Ijyb hits you but does no damage.
You barely miss Sigmund.
Sigmund is heavily wounded.
Your chain mail prevents you from hitting the quokka.
Your chain mail prevents you from hitting Ijyb.
The quokka bites you. Sigmund looks at you with fury.
Sigmund hits you with a scythe. Ijyb barely misses you.
It was a potion of curing.
You feel better. The quokka barely misses you. x2
Sigmund casts a spell at you. The puff of flame hits you!
Ijyb hits you but does no damage.
You feel better.
The quokka bites you but does no damage.
Sigmund hits you with a scythe!
You die...

#.# #.# #.#
#.# ### #.#
...#.###
#.#.#.####.
#?..r......
#..@g.####.
##.@.##
##.## #.#
#.# #+#


You could see Sigmund, Ijyb and a quokka.

Vanquished Creatures
  Terence (D:3)
  Natasha (D:3)
  2 adders (D:2)
  A worm (D:2)
  A dart slug (D:1)
  2 leopard geckos
  An orc (D:3)
  2 giant cockroaches
  10 goblins
  7 hobgoblins
  3 jackals (D:2)
  8 kobolds
  2 ball pythons (D:1)
  8 bats
  2 frilled lizards
  9 rats
60 creatures vanquished.

Notes
Turn   | Place    | Note
-------+----------+-------------------------------------------
     0 | D:1      | Duffy the Naga Gladiator began the quest for the Orb.
     0 | D:1      | Reached XP level 1. HP: 19/19 MP: 1/1
   490 | D:1      | Reached XP level 2. HP: 21/26 MP: 2/2
   946 | D:1      | Reached skill level 4 in Axes
  1072 | D:1      | Reached XP level 3. HP: 32/32 MP: 3/3
  1712 | D:2      | Reached XP level 4. HP: 38/39 MP: 4/4
  1912 | D:2      | Reached skill level 5 in Axes
  2294 | D:3      | Noticed Terence
  2298 | D:3      | Killed Terence
  2524 | D:3      | Noticed Natasha
  2528 | D:3      | Killed Natasha
  2528 | D:3      | Reached XP level 5. HP: 32/46 MP: 5/5
  2755 | D:3      | Found a stormy altar of Qazlal.
  2756 | D:3      | Found a basalt altar of Yredelemnul.
  2762 | D:3      | Found a shimmering altar of Xom.
  2762 | D:3      | Found an opulent altar of Gozag.
  2762 | D:3      | Found a hazy altar of Hepliaklqana.
  2763 | D:3      | Found a shattered altar of Ashenzari.
  2764 | D:3      | Found an iron altar of Okawaru.
  2766 | D:3      | Found a glowing silver altar of Zin.
  2900 | D:3      | Noticed Sigmund
  2901 | D:3      | Noticed Ijyb
  2913 | D:3      | Slain by Sigmund

Vault maps used:
D:1:      scummos_arrival_simple_crosswalls
D:2:      minmay_pentomino_p4
D:3:      minitemple, minivault_27, uniq_iyjb, uniq_sigmund, uniq_natasha,
          uniq_terence

Skill      XL: |  1  2  3  4 |
---------------+-------------+-----
Axes           | 4 5 |  5.4
Fighting       | |  2.7
Throwing       | |  1.7
Dodging        | |  2.4

Action                   |  1- 3 |  4- 6 || total
-------------------------+-------+-------++-------
Melee: War axe           |    96 |       ||    96
       Hand axe          |       |    68 ||    68
 Abil: Spit Poison       |       |     1 ||     1
  Use: Potion            |       |     2 ||     2
  Eat: Chunk             |     1 |     3 ||     4
Armor: Leather armour    |    63 |     1 ||    64
       Chain mail        |       |    57 ||    57
Dodge: Dodged            |    94 |    24 ||   118
